Map: Ice and Chrome LE

Players

NightMare

  • Race: Protoss Protoss
  • League: Grandmaster
  • Spawn Location: 7:00

IIIIIIIIIIII - Winner!

  • Race: Terran Terran
  • League: Grandmaster
  • Spawn Location: 1:00

VOD

Have the link to the VOD?

Description

Time

  • Played on: July 26, 2020, 4:42 a.m.
  • Length: 9:50
Show
View Real Time Build Order
Export as new Build Order

NightMare Protoss 

Build Orders: 1 Gate Expand, Blink Stalkers 

Get SALT Encoding   

  12  0:00  Probe  
  13  0:12  Probe  
  14  0:18  Pylon  
  14  0:24  Probe  
  15  0:32  Probe  
  15  0:37  Gateway  
  15  0:40  Probe  
  16  0:46  Assimilator  
  17  0:51  Probe  
  18  1:03  Probe  
  19  1:15  Probe  
  20  1:25  Cybernetics Core  
  20  1:33  Nexus  
  20  1:40  Pylon  
  20  1:41  Probe  
  21  1:48  Assimilator  
  21  1:51  Adept  
  21  1:53  Probe  
  22  2:02  Warp Gate  
  22  2:05  Probe  
  25  2:11  Stalker  
  25  2:18  Probe  
  28  2:30  Probe  
  29  2:39  Twilight Council  
  29  2:42  Probe  
  30  2:47  Probe  
  30  2:49  Blink  
  31  2:54  Probe  
  32  2:59  Probe  
  32  3:01  Robotics Facility  
  33  3:06  Probe  
  33  3:11  Probe  
  35  3:18  Probe  
  36  3:23  Probe  
  37  3:30  Probe  
  37  3:32  Gateway  
  38  3:35  Gateway  
  37  3:43  Probe x2  
  38  3:52  Observer  
  38  3:55  Probe x2  
  40  3:56  Stalker  
  40  3:59  Gateway  
  40  4:01  Pylon  
  42  4:04  Warp Prism  
  42  4:07  Probe x2  
  44  4:12  Pylon  
  46  4:19  Stalker  
  48  4:25  Probe  
  48  4:28  Stalker  
  51  4:32  Stalker  
  53  4:40  Observer  
  54  4:47  Probe x2, Pylon  
  55  4:57  Assimilator  
  55  4:59  Stalker x3, Pylon  
  61  5:01  Observer  
  61  5:03  Probe  
  61  5:05  Observer  
  61  5:07  Stalker, Assimilator  
  64  5:08  Probe  
  65  5:15  Probe, Pylon  
  66  5:29  Stalker x3  
  72  5:47  Nexus  
  72  5:48  Sentry  
  75  5:50  Probe x2  
  75  5:51  Observer, Pylon  
  67  6:09  Probe x2  
  69  6:20  Stalker x3, Probe x2  
  69  6:21  Stalker  
  79  6:28  Probe x2  
  79  6:31  Pylon  
  81  6:37  Probe x2  
  81  6:46  Pylon  
  83  6:51  Stalker x4  
  79  7:09  Observer  
  74  7:18  Stalker x4  
  78  7:26  Probe x3  
  73  7:38  Probe  
  74  7:45  Stalker x2  
  74  7:47  Probe  
  79  7:55  Observer  
  59  8:07  Probe x2  
  59  8:08  Probe  
  60  8:17  Probe x3  
  60  8:19  Stalker x4  
  71  8:29  Robotics Bay  
  71  8:32  Probe x3  
  74  8:39  Observer  
  74  8:44  Stalker x3  
  74  8:47  Stalker  
  82  8:52  Probe x3  
  84  9:07  Stalker x3  
  90  9:10  Stalker  
  64  9:30  Stalker x3  
  64  9:33  Stalker  
Show
View Real Time Build Order
Export as new Build Order

IIIIIIIIIIII Terran - Winner!

Build Orders: Reaper Expand 

Get SALT Encoding   

  12  0:01  SCV  
  13  0:13  SCV  
  14  0:18  Supply Depot  
  14  0:25  SCV  
  15  0:40  SCV  
  15  0:41  Barracks  
  16  0:45  Refinery  
  16  0:52  SCV  
  17  1:04  SCV  
  18  1:16  SCV  
  19  1:32  Orbital Command, Reaper  
  20  1:43  Command Center  
  20  1:51  Supply Depot  
  20  1:58  SCV  
  21  2:04  Marine  
  22  2:10  SCV  
  22  2:11  Factory  
  23  2:17  Bunker  
  23  2:22  SCV  
  24  2:23  Refinery  
  24  2:26  Barracks Reactor  
  24  2:34  SCV  
  25  2:46  SCV  
  26  2:56  Orbital Command  
  26  2:57  Starport  
  26  2:58  SCV  
  26  3:01  Factory Tech Lab  
  26  3:02  Marine x2  
  29  3:10  SCV  
  30  3:20  Marine x2  
  30  3:21  SCV  
  30  3:23  SCV  
  34  3:34  SCV  
  35  3:35  SCV  
  35  3:39  Barracks  
  36  3:44  Marine x2  
  36  3:46  SCV  
  39  3:48  Raven  
  39  3:49  Factory Tech Lab  
  39  3:51  SCV  
  39  3:52  Supply Depot  
  41  3:58  SCV  
  41  4:02  Barracks  
  42  4:04  SCV  
  42  4:08  Marine x2  
  45  4:11  SCV, Refinery  
  45  4:16  SCV, Supply Depot  
  47  4:22  Engineering Bay  
  47  4:23  SCV  
  48  4:26  Marine x2  
  48  4:28  SCV  
  51  4:35  SCV  
  51  4:37  Marauder  
  54  4:38  Stimpack  
  54  4:40  SCV  
  54  4:44  Marine x2  
  57  4:47  SCV  
  57  4:51  Factory Reactor, Starport Reactor  
  57  4:52  SCV  
  59  4:53  Terran Infantry Weapons Level 1  
  59  4:59  SCV  
  59  5:00  Supply Depot  
  59  5:03  Supply Depot  
  59  5:04  SCV, Marauder  
  62  5:10  Combat Shield  
  62  5:19  Refinery  
  62  5:22  SCV, Marine x2, Marauder  
  62  5:24  SCV, Supply Depot  
  62  5:26  Marauder  
  70  5:28  Medivac  
  70  5:34  SCV  
  71  5:37  Medivac  
  71  5:38  Widow Mine  
  71  5:42  Marine  
  74  5:43  Marine, Supply Depot  
  74  5:45  Marauder  
  74  5:46  SCV  
  74  5:47  Marauder  
  80  6:00  Command Center  
  79  6:11  Supply Depot  
  79  6:15  Supply Depot  
  79  6:16  Widow Mine x2, Medivac  
  85  6:18  Medivac  
  87  6:32  Marine x2  
  93  6:33  Marauder x2  
  93  6:36  Supply Depot  
  93  6:44  Supply Depot  
  93  6:48  Supply Depot  
  93  6:49  Concussive Shells  
  93  6:57  Marine x2  
  95  7:02  Marauder  
  95  7:04  Marauder  
  96  7:10  SCV  
  96  7:15  Orbital Command  
  91  7:23  SCV, Marine x2  
  91  7:24  Marauder  
  86  7:37  Marauder  
  86  7:41  Marine x2  
  85  7:44  Terran Infantry Armor Level 1  
  85  7:45  Marauder, Barracks  
  87  7:54  Barracks  
  87  7:56  Widow Mine  
  85  7:58  Marauder  
  85  7:59  Marine x2  
  85  8:01  SCV  
  80  8:06  Marine  
  81  8:14  Widow Mine  
  81  8:15  Liberator  
  81  8:16  Marine, Medivac  
  81  8:17  Widow Mine, Marine  
  81  8:19  Supply Depot  
  94  8:20  Marauder  
  94  8:31  Command Center  
  94  8:35  Marine x2, Barracks Reactor  
  94  8:39  Marauder  
  100  8:41  Marauder  
  100  8:43  SCV x2  
  100  8:44  Barracks Tech Lab  
  102  8:49  Supply Depot  
  102  8:52  Marine x2  
  104  8:58  Widow Mine x2  
  104  9:01  Marauder  
  110  9:05  Liberator x2  
  116  9:12  Marine x2  
  116  9:13  SCV, Marauder  
  114  9:23  Widow Mine  
  110  9:30  Marine x4  
  116  9:32  SCV  
  116  9:33  SCV  
  116  9:37  Supply Depot  
Tags
 
Add a new tag
Caveats
  • Supply blocks, unpowered buildings, or Contaminate may cause inaccurate times.
  • Supply counts are checked every 10 seconds.